AoeStats
← awesomegogurt

Arabia

509245413Analyzed
1v1 RM · 6d ago on Sep 26, 2026· 27m 5s· 2 players
Game mode
Random Map
Map size
Tiny (2 player)
Population
200
Speed
Normal
Resources
Standard
Victory
Conquest
Starting age
Dark Age
Ending age
Imperial Age
RankedLock teamsTeams togetherTeam positionsShared explorationLock speedFull tech treeHidden civsTurbo modeCheats
Victory
Defeat
🇧🇷 Huns · Brazil
574
+14
🇺🇸 Huns · United States
538
-14
awesomegogurt
3:43 Loom
11:09 Feudal Age
12:13 Feudal Age
13:08 Horse Collar
19:07 Castle Age
torresanieduardo
10:32 Feudal Age
10:37 Loom
11:07 Horse Collar
11:15 Double-Bit Axe
15:00 Wheelbarrow
17:11 Gold Mining
22:40 Castle Age
21:33 Bloodlines
24:16 Hand Cart
Connection lost

Rejoining the realm…

Still unreachable

The connection could not be restored.

Session expired

The server has moved on; the page needs a fresh start.